 Dungeon Crawl Stone Soup version 0.30-a0-862-g1aabd4f9c5 (webtiles) character file.

Game seed: 13242805092071216941

290 Dittersdorf the Trooper (level 6, -3/39 HPs)
             Began as a Gargoyle Fighter on Mar 9, 2023.
             Killed by an exploding butterfly (13 damage)
             ... ignited by their inner flame
             ... on level 4 of the Dungeon.
             The game lasted 00:05:13 (2418 turns).

Dittersdorf the Trooper (Gargoyle Fighter)          Turns: 2418, Time: 00:05:14

Health: -3/39      AC: 18    Str: 21    XL:     6   Next: 32%
Magic:  6/6        EV:  7    Int:  9    God:
Gold:   146        SH:  4    Dex:  9    Spells: 5/5 levels left

rFire   + . .      SeeInvis .    x - +1 flail (heavy)
rCold   + . .      Faith    .    c - +0 buckler
rNeg    + . .      Spirit   .    w - +0 chain mail
rPois   ∞          Reflect  .    (no helmet)
rElec   +          Rampage  .    q - scarf {rC+ rF+}
rCorr   .                        (no gloves)
Will    .....                    (no boots) Stlth
                                 u - amulet of regeneration
HPRegen 1.06/turn                s - +4 ring of protection
MPRegen 0.10/turn                (no ring)

@: no status effects
A: sickness immunity, AC +4, negative energy resistance 1, electricity
resistance, torment resistance 1, petrification resistance
a: no special abilities


You were on level 4 of the Dungeon.
You visited 1 branch of the dungeon, and saw 4 of its levels.

You collected 146 gold pieces.

Inventory:

Hand Weapons
 x - a +1 heavy flail (weapon)
Armour
 a - a +2 crystal plate armour
 c - a +0 buckler (worn)
 q - a scarf of resistance (worn)
 w - a +0 chain mail (worn)
Jewellery
 o - a ring of ice
 s - a +4 ring of protection (left hand)
 u - an amulet of regeneration (around neck)
Scrolls
 e - 5 scrolls of teleportation
 h - a scroll of enchant armour
 t - a scroll of poison
Potions
 d - a potion of might
 f - 2 potions of heal wounds
 g - 2 potions of degeneration {unknown}
 i - 7 potions of curing {unknown}
 l - a potion of magic {unknown}
 m - 2 potions of haste {unknown}
 p - 2 potions of flight {unknown}
 r - a potion of lignification {unknown}
 v - a potion of attraction {unknown}
 z - a potion of brilliance {unknown}


   Skills:
 + Level 4.7 Fighting
 + Level 3.6 Maces & Flails
 + Level 4.6 Armour
 + Level 4.7 Shields


You had 5 spell levels left.
You didn't know any spells.
Your spell library contained the following spells:

 Spells                   Type           Power      Damage    Failure   Level
 Ensorcelled Hibernation  Hex/Ice        0%         N/A       100%        2
 Passwall                 Tmut/Erth      0%         N/A       100%        2
 Kindle Blastsparks       Fire/Tloc/Air  0%         2d10      100%        3
 Swiftness                Air            0%         N/A       100%        3
 Fulminant Prism          Conj/Hex       0%         3d5       100%        4
 Iskenderun's Mystic Bla  Conj/Tloc      0%         2d3       100%        4
 Lee's Rapid Deconstruct  Erth           0%         3d4*      100%        5


Dungeon Overview and Level Annotations

Branches:
Dungeon (4/15)
 Temple: D:4-7

Altars:

Shops:
D:3 ?


Innate Abilities, Weirdness & Mutations

You are immune to sickness and miasma.
Your stone body is resilient. (AC +4)
You are immune to poison.
You resist negative energy. (rN+)
You are resistant to electric shocks. (rElec)
You are resistant to unholy torment.
You are immune to petrification.


Message History

Your butterfly explodes!
The fiery explosion engulfs your butterfly!!
Your butterfly disappears in a burst of colours!
Your butterfly explodes!
The fiery explosion engulfs your butterfly!!
Your butterfly disappears in a burst of colours!
The fiery explosion engulfs you. You resist.
Your butterfly explodes!
The fiery explosion engulfs your butterfly!!
Your butterfly disappears in a burst of colours!
The fiery explosion engulfs you! You resist.
The fiery explosion engulfs your butterfly!!
Your butterfly disappears in a burst of colours!
The fiery explosion engulfs your butterfly!!
Your butterfly disappears in a burst of colours!
Your butterfly explodes!
The fiery explosion engulfs your butterfly!!
Your butterfly disappears in a burst of colours!
The fiery explosion engulfs your butterfly!
Your butterfly disappears in a burst of colours!
The fiery explosion engulfs you! You resist.
The fiery explosion engulfs your butterfly!!
Your butterfly disappears in a burst of colours!
Your butterfly explodes!
The fiery explosion engulfs you! You resist.
* * * LOW HITPOINT WARNING * * *
Your butterfly explodes! x2
The fiery explosion engulfs your butterfly!!
Your butterfly disappears in a burst of colours!
The fiery explosion engulfs your butterfly!!
Your butterfly disappears in a burst of colours!
Your butterfly explodes!
The fiery explosion engulfs your butterfly!!
Your butterfly disappears in a burst of colours!
Your butterfly explodes!
The fiery explosion engulfs your butterfly!!!
Your butterfly disappears in a burst of colours!
Your butterfly explodes! x3
The fiery explosion engulfs you! You resist.
You die...

#######
#§.§§§§##
§§§§§§##
#§§§§#
#§@§#
#§§§§#
##§§§#
#§§§§#
##§.b§#
.bb..§
#.§.§§§
§§§§§§


There were no monsters in sight!

Vanquished Creatures
  A howler monkey (D:3)
  A sleepcap (D:4)
  Terence (D:3)
  3 gnolls
  8 adders
  A worm (D:3)
  2 dart slugs
  3 orcs (D:3)
  8 ball pythons
  7 endoplasms
  2 giant cockroaches (D:3)
  9 goblins
  8 hobgoblins
  3 jackals (D:1)
  A quokka (D:2)
  6 bats
  4 frilled lizards
  7 kobolds
  9 rats
84 creatures vanquished.

Vanquished Creatures (others)
  2 plants (D:1)
2 creatures vanquished.

Grand Total: 86 creatures vanquished

Notes
Turn   | Place    | Note
-------+----------+-------------------------------------------
     0 | D:1      | Dittersdorf the Gargoyle Fighter began the quest for the
                  | Orb.
     0 | D:1      | Reached XP level 1. HP: 14/14 MP: 1/1
    57 | D:1      | Reached XP level 2. HP: 15/19 MP: 2/2
   162 | D:1      | You fall into a shaft and drop 1 floor!
   219 | D:2      | Reached XP level 3. HP: 24/24 MP: 3/3
   998 | D:2      | Reached XP level 4. HP: 29/29 MP: 4/4
  1610 | D:3      | Found Migiq's Magic Scroll Emporium.
  1690 | D:3      | Noticed Terence
  1748 | D:2      | Reached XP level 5. HP: 33/33 MP: 5/5
  1774 | D:3      | Killed Terence
  2170 | D:3      | Reached XP level 6. HP: 39/39 MP: 6/6
  2413 | D:4      | Identified a scroll of acquirement
  2413 | D:4      | Acquired a +2 crystal plate armour
  2418 | D:4      | Killed by an exploding butterfly... ignited by their inner
                  | flame

Illustrated notes

Levels and vault maps discovered:
D:1:      tarquinn_simple_flora_water_f, layout_rooms, serial_forest,
          infiniplex_forest_corner_2, infiniplex_forest_end_2,
          infiniplex_forest_zigzag_2, infiniplex_forest_lined_2,
          infiniplex_forest_straight_2, infiniplex_forest_end_1,
          infiniplex_forest_clump_double, nrook_loot_triangle,
          chequers_serial_rivers_large_b
D:2:      minmay_chambers_of_ones, layout_loops_ring,
          chequers_hall_statues_wall_a, columned_hall_lemuel
D:3:      minmay_razor_zed, layout_rooms, serial_shops,
          nicolae_shop_temple_entry_statues_fountains, uniq_terence
D:4:      layout_layer_cave, fiery_altar_vehumet, uniq_ijyb

Skill      XL: |  1  2  3  4 |
---------------+-------------+-----
Fighting       | 4 |  4.7
Shields        | 4 |  4.7
Armour         | 4 |  4.6
Maces & Flails | 3 |  3.6

Action                     |  1- 3 |  4- 6 || total
---------------------------+-------+-------++-------
  Melee: Flail             |   107 |   178 ||   285
    Use: Scroll            |       |    10 ||    10
 Armour: Scale mail        |    77 |    97 ||   174
         Chain mail        |       |    57 ||    57
  Dodge: Dodged            |    64 |   102 ||   166
  Block: Buckler           |    32 |    65 ||    97

Table legend: (Time is in decaauts)
 A = Elapsed time spent in this place.
 B = Non-inter-level travel time spent in this place.
 C = Inter-level travel time spent in this place.
 D = Time resting spent in this place.
 E = Time spent auto-exploring this place.
 F = Levels seen in this place.
 G = Mean time per level.
                   A        B        C        D        E       F      G
               +--------+--------+--------+--------+--------+-----+--------+
         Total |   2559 |   2422 |    137 |     55 |   1583 |   4 |  639.8 |
       Dungeon |   2559 |   2422 |    137 |     55 |   1583 |   4 |  639.8 |
               +--------+--------+--------+--------+--------+-----+--------+

Top non-repeatable levels by time:
     D:3: 918 daAuts
     D:2: 857 daAuts
     D:1: 724 daAuts
     D:4: 58 daAuts
